 Dungeon Crawl Stone Soup version 0.30-a0-603-g51a0fb1b98 (webtiles) character file.

Game seed: 17408453143516832928

135 HoaS the Shooter (level 4, 0/36 HPs)
             Began as a Demigod Hunter on Jan 7, 2023.
             Slain by an orc
             ... wielding a +0 hand axe
              (5 damage)
             ... on level 4 of the Dungeon.
             The game lasted 00:05:43 (1742 turns).

HoaS the Shooter (Demigod Hunter)                   Turns: 1742, Time: 00:05:44

Health: 0/36       AC:  3    Str: 12    XL:     4   Next: 66%
Magic:  6/6        EV: 12    Int: 11    God:
Gold:   113        SH:  0    Dex: 21    Spells: 3/3 levels left

rFire   . . .      SeeInvis .    a - +0 shortbow
rCold   . . .      Faith    .    (shield currently unavailable)
rNeg    . . .      Spirit   .    c - +0 leather armour
rPois   .          Reflect  .    (no helmet)
rElec   .          Harm     .    (no cloak)
rCorr   .          Rampage  .    (no gloves)
Will    .....                    (no boots)
Stlth   ++                       (no amulet)
HPRegen 0.26/turn                (no ring)
MPRegen 0.10/turn                (no ring)

@: no status effects
A: high MP 1, forlorn, divine attributes
a: no special abilities


You were on level 4 of the Dungeon.
You visited 1 branch of the dungeon, and saw 3 of its levels.

You collected 113 gold pieces.

Inventory:

Hand Weapons
 a - a +0 shortbow (weapon)
Armour
 c - a +0 leather armour (worn)
Scrolls
 b - a scroll of immolation
Potions
 d - 4 potions of curing
 e - a potion of haste {unknown}
 f - a potion of lignification {unknown}
 g - a potion of magic {unknown}
 h - a potion of mutation {unknown}


   Skills:
 - Level 1.7 Fighting
 + Level 5.7 Ranged Weapons
 - Level 1.7 Dodging
 - Level 0.8 Stealth


You had 3 spell levels left.
You didn't know any spells.
Your spell library contained the following spells:

 Spells                   Type           Power      Damage    Failure   Level
 Anguish                  Hex/Necr       0%         N/A       99%         4
 Enfeeble                 Hex            0%         N/A       100%        7


Dungeon Overview and Level Annotations

Branches:
Dungeon (4/15)
 Temple: D:4-7

Shops:
D:4 *


Innate Abilities, Weirdness & Mutations

You have an increased reservoir of magic. (+10% MP)
You shall have no god before yourself.
Your divine heritage dramatically boosts your attributes as you level up.


Message History

The boomerang closely misses you.
You shoot an arrow.
The arrow hits the orc but does no damage.
The orc throws a boomerang.
The boomerang misses you.
You shoot an arrow. The arrow hits the orc.
The orc is almost dead.
An orc comes into view. It is wielding a +0 hand axe.
You shoot an arrow. The arrow barely misses the orc.
The orc shouts!
You shoot an arrow.
The arrow hits the orc but does no damage.
The orc is almost dead.
The orc throws a boomerang.
The boomerang barely misses you. The orc barely misses you.
You shoot an arrow.
The arrow hits the orc but does no damage.
The orc is almost dead.
The orc hits you with a +0 flail.
You shoot an arrow. The arrow hits the orc!
You kill the orc!
You shoot an arrow. The arrow barely misses the orc.
The orc throws a boomerang.
The boomerang hits you.
You shoot an arrow.
The arrow hits the orc but does no damage.
The orc throws a boomerang.
The boomerang hits you. The orc hits you with a +0 hand axe.
The orc throws a boomerang.
The boomerang hits you.
* * * LOW HITPOINT WARNING * * *
You shoot an arrow.
The arrow hits the orc but does no damage.
The orc hits you with a +0 hand axe.
* * * LOW HITPOINT WARNING * * *
You shoot an arrow. The arrow hits the orc!
You kill the orc!
The orc hits you with a +0 hand axe.
* * * LOW HITPOINT WARNING * * *
You shoot an arrow. The arrow hits the orc.
The orc is almost dead.
The orc hits you with a +0 hand axe.
You die...

......,,,+*,,,,,,,,,,,*,,,,,,,,,>
######,,,**,,,,,,,,,,,*****,*,**,
# *,,,**#######*********,*,,,, ##
***** #.....,,**,,,,,,,,,,*, .#
#######....,,,********,**,*, .###
#........#,,,,,,,,,,,*,,,,*, ...#
#........#**********+*+**,,, ##.#
#........########..,,,,,,,*,
...###...).....)@)......,,,,,,,*,
....##..........o.......,,,,,,,*,
.....#..................,,,,,,,*,
...#.#........)......##.,,,,,,,,,
...#....##..###....###*,,,,,,,,,,
...##......##⌠##.....**,,,,,,,,,,
#####.......#_*....#.#*,,,,,,,,,,
#.......).,....#.#**********,
#.........,,,,,*,* *,


You could see an orc.

Vanquished Creatures
  An orc priest (D:4)
  5 adders
  A worm (D:2)
  A dart slug (D:1)
  3 orcs (D:4)
  5 bats
  4 endoplasms
  4 giant cockroaches
  5 goblins
  5 hobgoblins
  4 jackals (D:2)
  5 ball pythons
  3 frilled lizards
  4 kobolds
  A rat (D:1)
51 creatures vanquished.

Notes
Turn   | Place    | Note
-------+----------+-------------------------------------------
     0 | D:1      | HoaS the Demigod Hunter began the quest for the Orb.
     0 | D:1      | Reached XP level 1. HP: 17/17 MP: 3/3
   100 | D:1      | Reached skill level 4 in Ranged Weapons
   141 | D:1      | Reached XP level 2. HP: 24/24 MP: 4/4
   898 | D:2      | Reached XP level 3. HP: 29/29 MP: 5/5
  1082 | D:2      | Reached skill level 5 in Ranged Weapons
  1378 | D:2      | Reached XP level 4. HP: 35/36 MP: 6/6
  1682 | D:2      | You fall into a shaft and drop 2 floors!
  1716 | D:4      | Found Zin's Purification Station.
  1742 | D:4      | Slain by an orc

Illustrated notes

Levels and vault maps discovered:
D:1:      dpeg_arrival_tiny_i, layout_loops_ring, chequers_serial_rivers_marsh
D:2:      layout_basic, kennysheep_potato
D:4:      layout_basic, nicolae_dithmenos_the_darkroom,
          nicolae_qazlal_eye_of_the_storm, zin_purify

Skill      XL: |  1  2  3 |
---------------+----------+-----
Ranged Weapons | 4 5 |  5.7
Fighting       | |  1.7
Dodging        | |  1.7
Stealth        | |  0.8

Action                   |  1- 3 |  4- 6 || total
-------------------------+-------+-------++-------
 Fire: Shortbow          |   130 |    39 ||   169
  Use: Scroll            |     2 |     1 ||     3
Armor: Leather armour    |    19 |       ||    19
Dodge: Dodged            |    52 |    10 ||    62

Table legend: (Time is in decaauts)
 A = Elapsed time spent in this place.
 B = Non-inter-level travel time spent in this place.
 C = Inter-level travel time spent in this place.
 D = Time resting spent in this place.
 E = Time spent auto-exploring this place.
 F = Levels seen in this place.
 G = Mean time per level.
                   A        B        C        D        E       F      G
               +--------+--------+--------+--------+--------+-----+--------+
         Total |   1795 |   1716 |     79 |    287 |   1058 |   3 |  598.3 |
       Dungeon |   1795 |   1716 |     79 |    287 |   1058 |   3 |  598.3 |
               +--------+--------+--------+--------+--------+-----+--------+

Top non-repeatable levels by time:
     D:2: 934 daAuts
     D:1: 795 daAuts
     D:4: 65 daAuts
